 Dungeon Crawl Stone Soup version 0.21.1-1-g345015f (webtiles) character file.

109 tyranidshit the Skirmisher (level 4, -2/39 HPs)
             Began as a Demonspawn Abyssal Knight on July 31, 2018.
             Was a Believer of Lugonu.
             Slain by Robin
             ... wielding a +1 whip of holy wrath
              (5 damage)
             ... on level 3 of the Dungeon.
             The game lasted 00:03:17 (1619 turns).

tyranidshit the Skirmisher (DsAK)                   Turns: 1619, Time: 00:03:17

Health: -2/39      AC:  5    Str: 13    XL:     4   Next: 60%
Magic:  0/5        EV: 10    Int: 14    God:    Lugonu [**....]
Gold:   64         SH:  0    Dex: 12    Spells: 3/3 levels left

rFire    . . .     SeeInvis .   a - +1 hand axe
rCold    . . .     Gourm    .   (no shield)
rNeg     . . .     Faith    .   d - +0 ring mail
rPois    .         Spirit   +   (no helmet)
rElec    .         Reflect  .   (no cloak)
rCorr    .         Harm     .   (no gloves)
MR       .....                  (no boots)
Stlth    ..........             (no amulet)
HPRegen  0.13/turn              (no ring)
MPRegen  0.09/turn              (no ring)

@: no status effects
A: hooves 1, magic shield
a: Depart the Abyss, Bend Space, Renounce Religion


You were on level 3 of the Dungeon.
You worshipped Lugonu.
Lugonu was pleased with you.
You were not hungry.

You visited 1 branch of the dungeon, and saw 3 of its levels.
You visited the Abyss 1 time.

You collected 64 gold pieces.

Inventory:

Hand Weapons
 a - a +1 hand axe (weapon)
Armour
 b - a +0 leather armour
 d - a +0 ring mail (worn)
Scrolls
 e - a scroll of magic mapping
 f - 2 scrolls of blinking
 g - 3 scrolls of remove curse
 h - a scroll of teleportation
Comestibles
 c - 2 rations


   Skills:
 + Level 5.4 Fighting
 - Level 1.7 Axes
 - Level 1.7 Armour
 - Level 0.8 Dodging
 - Level 2.4 Invocations


You had 3 spell levels left.
You didn't know any spells.

Dungeon Overview and Level Annotations

Branches:
Dungeon (3/15)

Altars:

Annotations:
D:3 Robin


Innate Abilities, Weirdness & Mutations

You have large cloven feet.
When hurt, damage is shared between your health and your magic reserves.


Message History

Your ring mail prevents you from hitting the hobgoblin.
You kick the hobgoblin.
The hobgoblin is severely wounded.
You hit Robin. You hit the hobgoblin.
You kill the hobgoblin!
Lugonu accepts your kill.
You closely miss the goblin. The hobgoblin hits you with a club.
Robin barely misses you. The goblin hits you with a dagger.
You hit Robin.
Robin is heavily wounded.
You miss the goblin. You hit the goblin but do no damage.
You hit the hobgoblin.
You kill the hobgoblin!
Lugonu accepts your kill. The goblin hits you.
* * * LOW HITPOINT WARNING * * *
Robin hits you with a whip of holy wrath.
* * * LOW HITPOINT WARNING * * *
You convulse.
You die...

****,***,*****###.#....#######***
*,,,,,,,,* #.#.##.# *******
***+***,** #.#.##.# *,,,,,, ,<*,*
*,* #.#.##(# *,*****
***,***,*#**** #.#.##.#***,*****
,,,,,,*,,,..,* #.#.##.#*,,,**,**
**,,*,*****#.#**#.#.#*.##.#,,,,**
*,,*,***###...##g#r#.....#,**,*
*,>,,,,,......g@ggg.......,,,,*
*,,*,***#####.##g#)..#####,*,,*
*,,*,* ****#+*#+#.......,,,,,*
*,,*,* *,,,,,,,,......##*,**,**
**,,*,* *,,,,,,,,..#####*****,,*
,,,,*,* *,,,,,,,....,,,,,,,,,,,*
**,,,,****,,,,,,,...#**********,*
*,,,,,,,+,,,,,,....# *,*
**********,,,,,,,,,,* *,,


You could see Robin, a hobgoblin, 4 goblins and a rat.

Vanquished Creatures
  5 adders (D:2)
  A worm (D:2)
  3 leopard geckos (D:1)
  A ball python (D:1)
  6 bats
  A bat zombie (D:1)
  6 giant cockroaches
  11 goblins
  8 hobgoblins
  3 frilled lizards
  A giant cockroach zombie (D:1)
  2 kobolds
  9 rats
57 creatures vanquished.

Notes
Turn   | Place    | Note
-------+----------+-------------------------------------------
     0 | Abyss:1  | tyranidshit the Demonspawn Abyssal Knight began the quest for the Orb.
     0 | Abyss:1  | Reached XP level 1. HP: 18/18 MP: 2/2
    83 | Abyss:1  | Noticed a large abomination
    84 | D:1      | Escaped the Abyss
   113 | D:1      | Reached * piety under Lugonu
   363 | D:1      | Gained mutation: You have large cloven feet. [demonic ancestry]
   363 | D:1      | Reached XP level 2. HP: 22/24 MP: 3/3
   459 | D:1      | Reached skill level 4 in Fighting
   726 | D:1      | Gained mutation: When hurt, damage is shared between your health and your magic reserves. [demonic ancestry]
   726 | D:1      | Reached XP level 3. HP: 30/30 MP: 4/4
  1300 | D:2      | Reached ** piety under Lugonu
  1300 | D:2      | Reached XP level 4. HP: 23/38 MP: 5/5
  1334 | D:2      | Reached skill level 5 in Fighting
  1608 | D:3      | Noticed Robin
  1619 | D:3      | Slain by Robin

Skill      XL: |  1  2  3  4 |
---------------+-------------+-----
Fighting       | 4 5 |  5.4
Axes           | |  1.7
Armour         | |  1.7
Dodging        | |  0.8
Invocations    | |  2.4

Action                   |  1- 3 |  4- 6 || total
-------------------------+-------+-------++-------
Melee: Hand axe          |   113 |    47 ||   160
       Kick              |    12 |     6 ||    18
Invok: Depart the Abyss  |     1 |       ||     1
  Use: Scroll            |     4 |     1 ||     5
       Potion            |     1 |     1 ||     2
  Eat: Ration            |     1 |       ||     1
Armor: Ring mail         |    46 |    32 ||    78
Dodge: Dodged            |    75 |    40 ||   115
